 Dungeon Crawl Stone Soup version 0.28-a0-1404-g4df0f3684d (webtiles) character file.

Game seed: 7312306744383754477

138425 freelancePsychic the Earth Mage (level 16, -4/101 HPs)
             Began as a Deep Elf Earth Elementalist on Jan 5, 2022.
             Was the Champion of Vehumet.
             Killed by a malign offering
             ... invoked by a deep elf high priest
              (22 damage)
             ... on level 3 of the Elven Halls.
             The game lasted 01:08:13 (34288 turns).

freelancePsychic the Earth Mage (DEEE)             Turns: 34288, Time: 01:08:13

Health: -4/101     AC: 15    Str: 21    XL:     16   Next: 71%
Magic:  8/37       EV: 21    Int: 37    God:    Vehumet [******]
Gold:   565        SH:  0    Dex: 25    Spells: 6/46 levels left

rFire   + . .      SeeInvis .   Z - +9 staff of Olgreb {rPois∞}
rCold   + + .      Faith    +   (no shield)
rNeg    . . .      Spirit   .   b - +0 swamp dragon scales
rPois   ∞          Reflect  .   y - +2 hood of the Assassin {Detection Stab+ Stlth++}
rElec   .          Harm     .   (no cloak)
rCorr   .          Rampage  .   N - +1 pair of gloves
Will    +++..                   O - +1 pair of boots of Failure {Str+2 Dex+4}
Stlth   ++++......              u - amulet "Sudi" {Faith rPois Will+ Regen+ Str+8}
HPRegen 1.06/turn               Q - ring "Riuhe" {rF+ rC+ Int+5 Dex+6}
MPRegen 0.25/turn               g - ring of Oqevvuex {*Slow rC+ Will+ Str+6 Int+3}

@: about to teleport, unable to drink
A: no striking features
a: Renounce Religion, Evoke the Staff of Olgreb


You were on level 3 of the Elven Halls.
You worshipped Vehumet.
Vehumet was exalted by your worship.
You visited 4 branches of the dungeon, and saw 26 of its levels.
You visited 1 bazaar.

You collected 2440 gold pieces.
You spent 1875 gold pieces at shops.

Inventory:

Hand Weapons
 Z - the +9 staff of Olgreb (weapon) {rPois∞}
   (You found it on level 6 of the Lair of Beasts)

   If the wielder is skilled in Evocations, they can envenom those struck by it,
   dealing poison damage which bypasses armour.
   It enhances your poison magic.
   It grants immunity to poison.
   It can be evoked to radiate toxic energy, with effectiveness depending on
   Evocations skill.
Missiles
 c - 673 stones
 p - 4 throwing nets
Armour
 b - +0 swamp dragon scales (worn)
 f - a +0 kite shield
 y - the +2 hood of the Assassin (worn) {Detection Stab+ Stlth++}
   (You bought it in a shop on level 2 of the Orcish Mines)

   It allows the wearer to sense nearby creatures.
   It allows the wearer to make particularly effective stabbing attacks against
   helpless or unaware enemies with any weapon.
   Stlth:     It makes you much more stealthy.
 N - a +1 pair of gloves (worn)
 O - the +1 pair of boots of Failure (worn) {Str+2 Dex+4}
   (You found it on level 7 of the Dungeon)

   Str:       It affects your strength (+2).
   Dex:       It affects your dexterity (+4).
Jewellery
 d - an amulet of guardian spirit
 g - the ring of Oqevvuex (right hand) {*Slow rC+ Will+ Str+6 Int+3}
   (You acquired it on level 10 of the Dungeon)

   [ring of strength]

   Str:       It affects your strength (+6).
   Int:       It affects your intelligence (+3).
   rC:        It protects you from cold.
   *Slow:     It may slow you when you take damage.
   Will:      It increases your willpower.
 u - the amulet "Sudi" (around neck) {Faith rPois Will+ Regen+ Str+8}
   (You bought it in a shop on level 3 of the Dungeon)

   [amulet of faith]

   It allows you to gain divine favour quickly.
   Str:       It affects your strength (+8).
   rPois:     It protects you from poison.
   Regen:     It increases your rate of health regeneration.
   Will:      It increases your willpower.
 z - a ring of wizardry
 D - a +6 ring of intelligence
 K - a +4 ring of evasion
 P - a ring of see invisible
 Q - the ring "Riuhe" (left hand) {rF+ rC+ Int+5 Dex+6}
   (You acquired it on level 6 of the Lair of Beasts)

   [ring of dexterity]

   Int:       It affects your intelligence (+5).
   Dex:       It affects your dexterity (+6).
   rF:        It protects you from fire.
   rC:        It protects you from cold.
 V - a ring of ice
Wands
 m - a wand of acid (12)
 o - a wand of digging (6)
 w - a wand of polymorph (13)
 x - a wand of paralysis (22)
 B - a wand of mindburst (33)
 H - a wand of flame (12)
 U - a wand of iceblast (5)
 X - a wand of charming (3)
Scrolls
 h - 2 scrolls of immolation
 l - 2 scrolls of vulnerability
 A - 3 scrolls of magic mapping
 C - 2 scrolls of holy word
 F - 6 scrolls of enchant armour
 G - a scroll of summoning
 L - a scroll of amnesia
 M - a scroll of fog
 S - 5 scrolls of identify {@r1}
 T - 4 scrolls of torment
Potions
 a - 2 potions of haste {@q3}
 e - 4 potions of cancellation
 i - 6 potions of heal wounds {unknown}
 k - 9 potions of might {unknown}
 n - 4 potions of attraction {unknown}
 q - 10 potions of curing {@q1}
 r - 3 potions of lignification {unknown}
 s - 4 potions of degeneration {unknown}
 t - 2 potions of invisibility {unknown}
 v - 4 potions of flight {unknown}
 E - 4 potions of mutation {unknown}
 J - a potion of brilliance
 Y - a potion of resistance {unknown}
Miscellaneous
 j - a condenser vane


   Skills:
 + Level 12.2 Fighting
 - Level 5.1 Armour
 - Level 11.5 Dodging
 - Level 2.4 Stealth
 - Level 15.8 Spellcasting
 - Level 12.6 Conjurations
 - Level 1.1 Transmutations
 - Level 12.2 Ice Magic
 - Level 4.7 Air Magic
 * Level 16.4 Earth Magic


You had 6 spell levels left.
You knew the following spells:

 Your Spells              Type           Power      Damage    Failure   Level
a - Sandblast             Erth           100%       2d20      0%          1
b - Iron Shot             Conj/Erth      47%        9d9       1%          6
c - Ozocubu's Refrigerat  Ice            44%        4d13      3%          7
d - Orb of Destruction    Conj           44%        9d14      2%          7
e - Freezing Cloud        Conj/Ice/Air   40%        6-21      1%          5
f - Shatter               Erth           50%        3d38*     47%         9
h - Irradiate             Conj/Tmut      34%        3d24      1%          5

Your spell library contained the following spells:

 Spells                   Type           Power      Damage    Failure   Level
 Lehudib's Crystal Spear  Conj/Erth      47%        10d11     9%          8
 Polar Vortex             Ice            44%        N/A       95%         9
 Ignition                 Fire           14%        3d6       100%        8
 Freeze                   Ice            100%       1d11      0%          1
 Stone Arrow              Conj/Erth      100%       3d13      0%          3
 Animate Skeleton         Necr           58%        N/A       1%          1
 Apportation              Tloc           58%        N/A       1%          1
 Pain                     Necr           100%       1d9       1%          1
 Shock                    Conj/Air       100%       1d9       1%          1
 Slow                     Hex            100%       N/A       1%          1
 Summon Small Mammal      Summ           100%       N/A       1%          1
 Passwall                 Tmut/Erth      63%        N/A       1%          2
 Dazzling Flash           Conj/Hex       100%       N/A       1%          3
 Frozen Ramparts          Ice            100%       1d12      1%          3
 Inner Flame              Hex/Fire       29%        N/A       1%          3
 Ozocubu's Armour         Ice            88%        N/A       1%          3
 Airstrike                Air            29%        N/A       1%          4
 Animate Armour           Summ/Erth      100%       N/A       1%          4
 Hailstorm                Conj/Ice       88%        3d18      1%          4
 Petrify                  Tmut/Erth      76%        N/A       1%          4
 Borgnjor's Vile Clutch   Necr/Erth      37%        N/A       1%          5
 Lightning Bolt           Conj/Air       38%        1d56      1%          5
 Blink                    Tloc           58%        N/A       2%          2
 Metabolic Englaciation   Hex/Ice        32%        N/A       4%          5
 Call Canine Familiar     Summ           29%        N/A       5%          3
 Confusing Touch          Hex            29%        N/A       5%          3
 Summon Guardian Golem    Hex/Summ       29%        N/A       5%          3
 Vampiric Draining        Necr           29%        2d8       5%          3
 Summon Lightning Spire   Summ/Air       46%        N/A       7%          4
 Animate Dead             Necr           14%        N/A       19%         4
 Cause Fear               Hex            14%        N/A       19%         4
 Silence                  Hex/Air        23%        N/A       19%         5
 Simulacrum               Ice/Necr       32%        N/A       22%         6
 Blade Hands              Tmut           18%        N/A       32%         5
 Alistair's Intoxication  Tmut/Pois      32%        N/A       38%         5
 Agony                    Necr           29%        N/A       45%         5
 Manifold Assault         Tloc           29%        N/A       45%         5
 Death Channel            Necr           14%        N/A       96%         6
 Storm Form               Tmut/Air       25%        N/A       99%         7
 Discord                  Hex            14%        N/A       100%        8
 Chain Lightning          Conj/Air       38%        3d50      100%        9
 Fire Storm               Conj/Fire      33%        8d8       100%        9


Dungeon Overview and Level Annotations

Branches:
Dungeon (15/15)            Temple (0/1) D:4            Lair (6/6) D:9
  Snake (0/4) Lair:4       Spider (0/4) Lair:2        Slime (0/5) Lair:6
    Orc (2/2) D:10            Elf (3/3) Orc:2        Vaults (0/5) D:13
 Depths: D:15

Altars:
Gozag
Hepliaklqana
Kikubaaqudgha
Makhleb
Nemelex Xobeh
Sif Muna
Trog
Uskayaw
Vehumet
Wu Jian
Xom
Zin
Beogh
Jiyva
Lugonu

Shops:
D:3 *   D:6 =   Orc:2 [(([   Elf:2 :

Portals:
Trove: D:13 (give 16 potions of curing)

Annotations:
D:2 exclusion: scorpion
D:3 exclusions: orc wizard and steam dragon
D:8 2 transporters
D:12 2 transporters, a11behringer's ghost, journeyman MiBe
Elf:1 1 runed translucent door
Elf:2 3 runed translucent doors


Message History

The deep elf elementalist looks frightened!
The deep elf death mage resists with almost no effort.
The deep elf death mage completely misses you.
A deep elf high priest comes into view. It is wielding a +0 long sword.
As you read the scroll of summoning, it crumbles to dust.
Wisps of shadow whirl around you...
The deep elf death mage hits you with a +0 long sword!
* * * LOW HITPOINT WARNING * * *
Your magical contamination has completely faded away.
As you read the scroll of summoning, it crumbles to dust.
Wisps of shadow whirl around you...
The deep elf elementalist shouts, "No!
I'll never do that again!"
The deep elf elementalist hits your deep elf pyromancer with a +0 long sword.
The deep elf high priest yells at you, "GO AWAY!"
The deep elf elementalist attempts to regain its composure.
The deep elf elementalist closely misses your deep elf pyromancer.
You hear a loud twanging sound.
The arrow hits your deep elf pyromancer!!
Your deep elf pyromancer dies!
Your deep elf pyromancer's corpse dissolves into shadows!
The deep elf death mage completely misses you.
You swap places.
The deep elf death mage barely misses your deep elf zephyrmancer.
As you read the scroll of teleportation {@r4}, it crumbles to dust.
You feel strangely unstable.
Your fire elemental hits the deep elf elementalist.
Your fire elemental burns the deep elf elementalist!
The deep elf death mage barely misses your deep elf zephyrmancer.
Your deep elf knight hits the deep elf death mage with a +0 scimitar!
You cannot drink potions in your current state!
Your fire elemental barely misses the deep elf elementalist.
The deep elf elementalist hits your fire elemental with a +0 rapier!
A deep elf master archer comes into view.
It is wielding a +0 longbow and wearing the +0 scale mail "Extuvy" {Contam Harm +Blink Slay+2}.
Your water elemental closely misses the deep elf death mage.
The deep elf death mage hits your water elemental with a +0 long sword!!
Your deep elf knight hits the deep elf death mage with a +0 scimitar!
The deep elf high priest seems to regain its courage.
The deep elf high priest utters a dark prayer and points at you.
Your life force is offered up.
You die...

.......§..'...........
..........#.)......)..
######.[##############
#[)# #..# #[.# {{ #)"#
##e)## ##@...##
##.eee..## #...Ee.○e#
.....eee..e○.e. {
..........e..E..
.e.....####.....
......# #.... .....#
#... .⌠... ...


You could see a deep elf master archer, a deep elf death mage (ally target), a
deep elf elementalist (fast, repels missiles), 2 deep elf high priests, 3
friendly deep elf archers, 3 friendly deep elf knights, a friendly water
elemental (summoned), 2 friendly deep elf zephyrmancers and a friendly fire
elemental (summoned).

Vanquished Creatures
  Saint Roka (Orc:2)
  Jorgrun (D:13)
  Rupert (D:13)
  A deep elf blademaster (Elf:3)
  Agnes (D:15)
  An orc warlord (Orc:2)
  7 deep elf sorcerers
  2 deep elf elementalists (Elf:3)
  5 deep elf demonologists
  2 dire elephants (Lair:5)
  5 deep elf annihilators
  5 deep elf death magi
  2 deep elf high priests
  9 hydras
  2 boulder beetles
  A catoblepas (Lair:2)
  Erolcha (D:13)
  A merfolk avatar (Lair:6)
  4 centaur warriors
  A death knight (D:14)
  5 two-headed ogres
  13 dancing weapons
  3 death yaks (D:9)
  A two-headed ogre (shapeshifter) (Elf:1)
  Urug (D:13)
  2 orc high priests (Orc:2)
  8 deep elf knights
  Nergalle (Lair:2)
  9 deep elf archers
  An orc knight (Orc:2)
  A wizard (D:14)
  19 deep elf pyromancers
  A harpy (Lair:6)
  13 deep elf zephyrmancers
  An oklob plant (Lair:4)
  2 wolf spiders (Lair:2)
  4 orc sorcerers (Orc:2)
  8 ugly things
  4 manticores
  2 cyclopes (D:14)
  18 elephants
  2 torpor snails
  4 black mambas
  A black mamba (shapeshifter) (D:14)
  6 gargoyles
  Maggie (D:8)
  An unseen horror (D:13)
  8 cane toads
  An unseen horror (shapeshifter) (D:14)
  3 rime drakes (Lair:6)
  6 komodo dragons
  3 tengu conjurers (D:13)
  6 trolls
  A meliai (shapeshifter) (D:12)
  A tyrant leech (Lair:3)
  4 wind drakes (Lair:6)
  3 polar bears
  2 hornets
  8 blink frogs
  15 slime creatures
  7 dream sheep
  4 air elementals
  49 yaks
  6 wyverns
  2 water elementals
  3 shadows
  2 steam dragons (Lair:6)
  3 wraiths
  16 humans (D:13)
  A redback simulacrum (D:15)
  8 vampire mosquitoes
  2 basilisks
  3 fire elementals
  2 redbacks (Lair:2)
  2 two-headed ogre zombies (D:10)
  2 swamp worms (Lair:3)
  An acid dragon (D:13)
  2 nagas (Lair:4)
  16 water moccasins
  An ice beast (D:6)
  33 orc warriors
  A black bear (D:8)
  A sky beast (D:7)
  4 ogres
  The ghost of CryptoCactus the Grasshopper, an amateur GnWr (D:7)
  4 boggarts (D:13)
  An ogre (shapeshifter) (D:11)
  8 centaurs
  15 wolves
  2 phantoms
  2 kobold brigands
  Blork the orc (D:4)
  16 bullfrogs
  A scorpion (D:6)
  6 earth elementals
  A troll zombie (D:10)
  14 wights
  2 electric eels
  3 hounds
  A jelly (D:4)
  A bullfrog zombie (D:5)
  14 orc priests
  Jessica (D:3)
  4 iguanas
  3 hell rats
  20 orc wizards
  5 ogre zombies (D:10)
  9 adders
  14 river rats
  4 gnolls (D:3)
  A shadow imp (D:5)
  A white imp (D:7)
  An ufetubus (D:6)
  An adder skeleton (D:4)
  2 dart slugs
  69 orcs
  5 bats
  7 endoplasms
  3 giant cockroaches
  4 goblins
  A hobgoblin (D:4)
  6 jackals
  7 quokkas
  7 ball pythons
  3 frilled lizards
  2 goblin skeletons (D:10)
  3 goblin zombies (D:10)
  A hobgoblin skeleton (D:10)
  4 hobgoblin zombies (D:10)
  16 kobolds
  4 orc skeletons (D:10)
  11 orc zombies (D:10)
  9 rats
  A butterfly (Lair:6)
739 creatures vanquished.

Vanquished Creatures (others)
  36 fungi
  87 plants
123 creatures vanquished.

Grand Total: 862 creatures vanquished

Notes
Turn   | Place    | Note
-------+----------+-------------------------------------------
     0 | D:1      | freelancePsychic the Deep Elf Earth Elementalist began the
                  | quest for the Orb.
     0 | D:1      | Reached XP level 1. HP: 10/10 MP: 6/6
   126 | D:1      | Reached XP level 2. HP: 15/15 MP: 5/8
   128 | D:1      | Reached skill level 1 in Conjurations
   191 | D:1      | Found a faded altar of an unknown god.
   197 | D:1      | Got Plato's Grimoire of Attacks
   714 | D:2      | Reached XP level 3. HP: 19/19 MP: 7/10
  1054 | D:2      | Noticed a scorpion
  1128 | D:2      | Reached skill level 4 in Earth Magic
  1911 | D:3      | Found a radiant altar of Vehumet.
  1916 | D:3      | Became a worshipper of Vehumet
  1953 | D:3      | Reached XP level 4. HP: 24/24 MP: 8/12
  2209 | D:3      | Learned a level 3 spell: Stone Arrow
  2260 | D:3      | Noticed a steam dragon
  2299 | D:3      | Found Wanuoz's Assorted Antiques.
  2404 | D:3      | Noticed Jessica
  2406 | D:3      | Killed Jessica
  2922 | D:3      | Reached XP level 5. HP: 28/28 MP: 12/14
  3264 | D:4      | Reached * piety under Vehumet
  3264 | D:4      | Offered knowledge of Freeze by Vehumet.
  3455 | D:4      | Found a staircase to the Ecumenical Temple.
  3468 | D:4      | Noticed an ogre
  3511 | D:4      | Found a burning altar of Makhleb.
  3517 | D:4      | Found a hazy altar of Hepliaklqana.
  3601 | D:4      | Noticed a phantom
  3617 | D:4      | Noticed Blork the orc
  3625 | D:4      | Killed Blork the orc
  3626 | D:4      | Reached skill level 1 in Fighting
  3626 | D:4      | Reached skill level 5 in Spellcasting
  3637 | D:4      | Killed a phantom
  3638 | D:4      | Reached skill level 5 in Earth Magic
  3638 | D:4      | Reached XP level 6. HP: 29/34 MP: 10/16
  3925 | D:4      | Noticed an orc warrior
  3958 | D:4      | Killed an orc warrior
  3959 | D:4      | Reached XP level 7. HP: 40/40 MP: 12/17
  4588 | D:5      | Entered Level 5 of the Dungeon
  4740 | D:5      | Found an opulent altar of Gozag.
  5233 | D:5      | Reached skill level 5 in Conjurations
  5233 | D:5      | Reached skill level 6 in Earth Magic
  5580 | D:6      | Noticed an angel
  5585 | D:6      | Found a shimmering altar of Xom.
  5598 | D:6      | Reached XP level 8. HP: 46/46 MP: 7/20
  5618 | D:6      | Offered knowledge of Poisonous Vapours by Vehumet.
  5874 | D:5      | Reached ** piety under Vehumet
  6221 | D:3      | Bought a twitching iron amulet for 165 gold pieces
  6221 | D:3      | Identified the amulet "Sudi" {Faith rPois Will+ Regen+
                  | Str+8} (You bought it in a shop on level 3 of the Dungeon)
  6497 | D:6      | Found a glowing silver altar of Zin.
  6552 | D:6      | Found a hide-covered altar of Uskayaw.
  7027 | D:6      | Found Itabref's Jewellery Shop.
  8392 | D:7      | Found a runed translucent gate.
  8394 | D:7      | Found a runed translucent gate.
  8395 | D:7      | Found a runed translucent gate.
  8395 | D:7      | Noticed CryptoCactus's ghost (amateur GnWr)
  8574 | D:7      | Found an ornate altar of the Wu Jian Council.
  8622 | D:7      | Reached XP level 9. HP: 52/52 MP: 16/23
  8971 | D:8      | Reached skill level 5 in Dodging
  8982 | D:8      | Reached skill level 1 in Ice Magic
  8982 | D:8      | Reached skill level 1 in Air Magic
  9083 | D:8      | Found a transporter.
  9085 | D:8      | Noticed a brown ugly thing
  9086 | D:8      | Noticed a green ugly thing
  9087 | D:8      | Found a corrupted altar of Lugonu.
  9123 | D:8      | Offered knowledge of Scorch by Vehumet.
  9224 | D:8      | Got Ecvem's Grimoire of Air
  9231 | D:8      | Learned a level 5 spell: Freezing Cloud
  9438 | D:8      | Noticed Maggie
  9441 | D:8      | Noticed a white ugly thing
  9487 | D:8      | Found a transporter.
  9496 | D:8      | Killed Maggie
 10040 | D:9      | Noticed a two-headed ogre
 10047 | D:9      | Killed a two-headed ogre
 10048 | D:9      | Reached skill level 5 in Fighting
 10048 | D:9      | Reached XP level 10. HP: 59/59 MP: 19/25
 10089 | D:9      | Reached *** piety under Vehumet
 10158 | D:9      | Noticed a death yak
 10160 | D:9      | Noticed a death yak
 10193 | D:9      | Killed a death yak
 10323 | D:9      | Found a staircase to the Lair.
 10366 | D:9      | Killed a death yak
 10367 | D:9      | Reached skill level 10 in Spellcasting
 10369 | D:9      | Noticed a death yak
 10378 | D:9      | Killed a death yak
 10439 | D:9      | Offered knowledge of Conjure Flame by Vehumet.
 10645 | D:9      | You fall into a shaft and drop 1 floor!
 10645 | D:10     | Entered Level 10 of the Dungeon
 10768 | D:10     | Found a bloodstained altar of Trog.
 10853 | D:10     | Reached skill level 5 in Ice Magic
 10977 | D:10     | Reached **** piety under Vehumet
 11029 | D:10     | Offered knowledge of Ignite Poison by Vehumet.
 11129 | D:10     | Identified a scroll of acquirement
 11130 | D:10     | Acquired the ring of Oqevvuex {*Slow rC+ Will+ Str+6 Int+3}
 11296 | D:10     | Reached XP level 11. HP: 45/64 MP: 12/27
 11544 | D:10     | Found a staircase to the Orcish Mines.
 11881 | D:10     | Found a shimmering blue altar of Sif Muna.
 11962 | D:10     | Reached ***** piety under Vehumet
 12094 | D:10     | Noticed a two-headed ogre
 12098 | D:10     | Killed a two-headed ogre
 12167 | D:10     | Offered knowledge of Fulminant Prism by Vehumet.
 12727 | Lair:1   | Entered Level 1 of the Lair of Beasts
 13468 | D:9      | Noticed a centaur warrior
 13471 | D:9      | Killed a centaur warrior
 13472 | D:9      | Reached skill level 1 in Armour
 13971 | D:7      | Killed CryptoCactus's ghost
 13990 | D:7      | Identified the +1 pair of boots of Failure {Str+2 Dex+4}
 14387 | Lair:1   | Noticed an eight-headed hydra
 14395 | Lair:1   | Killed an eight-headed hydra
 14583 | Lair:1   | Noticed a six-headed hydra
 14588 | Lair:1   | Killed a six-headed hydra
 14589 | Lair:1   | Reached skill level 10 in Conjurations
 14595 | Lair:1   | Reached XP level 12. HP: 72/72 MP: 17/29
 14599 | Lair:1   | Reached skill level 10 in Dodging
 15355 | Lair:2   | Offered knowledge of Ozocubu's Refrigeration by Vehumet.
 15381 | Lair:2   | Learned a level 7 spell: Ozocubu's Refrigeration
 15502 | Lair:2   | Noticed a catoblepas
 15513 | Lair:2   | Killed a catoblepas
 15731 | Lair:2   | Noticed a seven-headed hydra
 15736 | Lair:2   | Killed a seven-headed hydra
 16048 | Lair:2   | Noticed Nergalle
 16054 | Lair:2   | Killed Nergalle
 16189 | Lair:2   | Found a hole to the Spider Nest.
 17481 | Lair:4   | Found a hide-covered altar of Uskayaw.
 17525 | Lair:4   | You fall into a shaft and drop 2 floors!
 17525 | Lair:6   | Entered Level 6 of the Lair of Beasts
 17578 | Lair:4   | Reached skill level 5 in Armour
 18009 | Lair:4   | Found a staircase to the Snake Pit.
 18315 | Lair:5   | Reached XP level 13. HP: 79/79 MP: 17/30
 18762 | Lair:5   | Reached skill level 10 in Ice Magic
 18763 | Lair:5   | Offered knowledge of Orb of Destruction by Vehumet.
 18772 | Lair:5   | Learned a level 7 spell: Orb of Destruction
 19234 | Lair:5   | Noticed a dire elephant
 19252 | Lair:5   | Killed a dire elephant
 19370 | Lair:5   | Noticed a dire elephant
 19382 | Lair:5   | Killed a dire elephant
 20085 | Lair:6   | Found a viscous altar of Jiyva.
 20086 | Lair:6   | Found a staircase to the Slime Pits.
 20650 | Lair:6   | Offered knowledge of Fireball by Vehumet.
 20651 | Lair:6   | Acquired the ring "Riuhe" {rF+ rC+ Int+5 Dex+6}
 20826 | Lair:6   | Reached XP level 14. HP: 86/86 MP: 16/32
 21195 | Lair:6   | Acquired a book of Annihilations
 21320 | Lair:6   | Found the +9 staff of Olgreb {rPois∞}
 21842 | D:11     | Reached skill level 7 in Earth Magic
 22170 | D:11     | Found an opulent altar of Gozag.
 23354 | D:12     | Found a transporter.
 23362 | D:12     | Noticed a11behringer's ghost (journeyman MiBe)
 23405 | D:12     | Found a transporter.
 23904 | D:12     | Reached skill level 8 in Earth Magic
 24264 | D:13     | Noticed Urug
 24267 | D:13     | Found a gate to the Vaults.
 24267 | D:13     | Noticed Rupert
 24269 | D:13     | Killed Urug
 24274 | D:13     | Killed Rupert
 24276 | D:13     | Offered knowledge of Starburst by Vehumet.
 24551 | D:13     | Noticed Erolcha
 24553 | D:13     | Reached skill level 9 in Earth Magic
 24554 | D:13     | Killed Erolcha
 24863 | D:13     | Noticed Jorgrun
 24946 | D:13     | Killed Jorgrun
 25358 | D:13     | Found a portal to a secret trove of treasure.
 25388 | D:13     | Found a sparkling altar of Nemelex Xobeh.
 25991 | D:14     | Got the Disquisition on Mutagenic Weightlessness
 25998 | D:14     | Learned a level 5 spell: Irradiate
 26111 | D:13     | Reached skill level 10 in Earth Magic
 26618 | D:14     | Reached skill level 10 in Fighting
 27015 | D:14     | Reached XP level 15. HP: 92/92 MP: 21/35
 27021 | D:14     | Offered knowledge of Lee's Rapid Deconstruction by Vehumet.
 27260 | D:15     | Entered Level 15 of the Dungeon
 27260 | D:15     | Noticed Agnes
 27264 | D:15     | Killed Agnes
 27422 | D:15     | Reached skill level 11 in Earth Magic
 27596 | Orc:1    | Entered Level 1 of the Orcish Mines
 27670 | Orc:2    | Entered Level 2 of the Orcish Mines
 27847 | Orc:2    | Found a bloodstained altar of Trog.
 27887 | Orc:2    | Found a staircase to the Elven Halls.
 27910 | Orc:2    | Found Koidunk's Antique Weapon Shop.
 27994 | Orc:2    | Noticed Saint Roka
 28034 | Orc:2    | Killed Saint Roka
 28406 | Orc:2    | Offered knowledge of Conjure Ball Lightning by Vehumet.
 28714 | Orc:2    | Found Vanke's Armour Shoppe.
 28720 | Orc:2    | Bought the +2 hood of the Assassin {Detection Stab+
                  | Stlth++} for 900 gold pieces
 28720 | Orc:2    | Found the +2 hood of the Assassin {Detection Stab+ Stlth++}
 28749 | Orc:2    | Noticed an orc warlord
 28756 | Orc:2    | Killed an orc warlord
 28757 | Orc:2    | Reached skill level 15 in Spellcasting
 28981 | Orc:2    | Found Xascha's Antique Armour Boutique.
 28985 | Orc:2    | Found Viat's Antique Weapon Shop.
 29032 | Orc:2    | Reached skill level 12 in Earth Magic
 29056 | Elf:1    | Entered Level 1 of the Elven Halls
 29056 | Elf:1    | Noticed a deep elf sorcerer
 29056 | Elf:1    | Found a runed translucent gate.
 29056 | Elf:1    | Found a runed translucent gate.
 29056 | Elf:1    | Found a runed translucent gate.
 29056 | Elf:1    | Found a runed translucent gate.
 29056 | Elf:1    | Found a runed translucent gate.
 29056 | Elf:1    | Found a runed translucent gate.
 29057 | Elf:1    | Found a runed translucent door.
 29064 | Elf:1    | Found a runed translucent door.
 29068 | Elf:1    | Killed a deep elf sorcerer
 29198 | Elf:1    | Identified the +6 scimitar "Waneass" {vorpal, rC- rN+
                  | Str+7}
 29592 | Elf:1    | Reached ****** piety under Vehumet
 29731 | Elf:1    | Reached skill level 13 in Earth Magic
 29977 | Elf:1    | Offered knowledge of Lehudib's Crystal Spear by Vehumet.
 29977 | Elf:1    | Offered knowledge of Polar Vortex by Vehumet.
 29977 | Elf:1    | Offered knowledge of Ignition by Vehumet.
 30671 | Elf:2    | Found Wer Bis's Book Boutique.
 30755 | Elf:2    | Found a flickering gateway to a bazaar.
 30776 | Bazaar   | Entered a bazaar
 30829 | Bazaar   | Found Luef Lan's Antique Armour Shop.
 30860 | Bazaar   | Found Vusmuiph's Book Shop.
 30881 | Bazaar   | Bought a kite shield for 126 gold pieces
 31211 | Elf:2    | Bought a book of Iron for 684 gold pieces
 31218 | Elf:2    | Learned a level 6 spell: Iron Shot
 31527 | Elf:2    | Reached XP level 16. HP: 100/100 MP: 33/37
 31680 | Elf:2    | Reached skill level 14 in Earth Magic
 31709 | Elf:2    | Found a runed translucent gate.
 31710 | Elf:2    | Found a runed translucent gate.
 31710 | Elf:2    | Found a runed translucent gate.
 31752 | Elf:2    | Paralysed by an air elemental for 1 turns
 32242 | Elf:3    | Entered Level 3 of the Elven Halls
 32484 | Elf:3    | Found an ancient bone altar of Kikubaaqudgha.
 32512 | Elf:3    | Learned a level 9 spell: Shatter
 33001 | Elf:3    | Reached skill level 15 in Earth Magic
 33004 | Elf:3    | Noticed a deep elf blademaster
 33007 | Elf:3    | Killed a deep elf blademaster
 33361 | Elf:3    | Identified the +1 war axe of Equivalence {protect, rF+ MP+9
                  | Str+6}
 33647 | Elf:3    | Identified the ring "Rorar" {rPois rF- Str+3 Int+3}
 33651 | Elf:3    | Reached skill level 16 in Earth Magic
 34274 | Elf:3    | Noticed a Tzitzimitl
 34287 | Elf:3    | Identified the +0 scale mail "Extuvy" {Contam Harm +Blink
                  | Slay+2}
 34287 | Elf:3    | Noticed a deep elf master archer
 34288 | Elf:3    | Killed from afar by a deep elf high priest

Illustrated notes

Levels and vault maps discovered:
D:1:      wander_arrival_lonely_grave, layout_rooms,
          shapermc_ecumenical_altar_rom_forum, minmay_heptomino_d4
D:2:      layout_basic, serial_forest, infiniplex_forest_join,
          infiniplex_forest_straight_5, infiniplex_forest_lined_2,
          infiniplex_forest_end_3, infiniplex_forest_corner_2,
          infiniplex_forest_clump_curved, infiniplex_forest_corner_1,
          infiniplex_forest_diagonal, infiniplex_forest_pool
D:3:      layout_loops_ring, vehumet_crystals, serial_shops, shop,
          grunt_decor_junction, chequers_big_river, roderic_serpentine_path,
          kennysheep_generic_room_12, uniq_jessica
D:4:      layout_layer_cave, mainiacjoe_overflow_big_doors,
          minmay_temple_entry_butterflies, uniq_blork_the_orc
D:5:      minmay_recursive_quarters, layout_basic,
          mainiacjoe_overflow_six_doors_small, grunt_ministairs_9
D:6:      layout_basic, grunt_temple_overflow_order_and_chaos_1,
          nicolae_uskayaw_murder_on_the_dancefloor, serial_shops,
          nicolae_inconvenience_store, lightli_minifort
D:7:      layout_loops_ring, mainiacjoe_overflow_concentric_impassable,
          biasface_ghost_orc_armoury
D:8:      gammafunk_corrupted_shrine, layout_basic, feat_on_display, uniq_maggie
D:9:      cheibrodos_statue_roulette, layout_stronghold, dpeg_lair_monsters,
          minmay_microvault
D:10:     layout_irregular_city, lemuel_blue_sif_altar, kennysheep_little_box,
          zombieorc2_lemuel
D:11:     layout_loops_corners, nicolae_gozag_seed_capital
D:12:     layout_loops_corners, gammafunk_ghost_stat_death,
          statue_in_the_mist_lemuel
D:13:     layout_irregular_city, david_vaults_3, nicolae_trove_entry_crossroad,
          minmay_misc_feat_five, nemelex_lonely_heart_becter, uniq_erolcha,
          uniq_jorgrun
D:14:     layout_cross
D:15:     grunt_enter_depths_snipers, layout_layer_cave,
          evilmike_ruin_ashenzari, uniq_roxanne, uniq_agnes
Lair:1:   layout_roguey, st_stairs_13, grunt_megastairs_4, lemuel_fruit_tree,
          serial_bayou_shore_a
Lair:2:   layout_chaotic_city, spider_nest_entry_funnel_web, kennysheep_rathole,
          infiniplex_staircase_pool, uniq_urug, uniq_nergalle
Lair:3:   layout_roguey, worms_lemuel, grunt_megastairs_1
Lair:4:   layout_misc_corridors, guppyfry_snake_entry_island, lemuel_oklob_altar
Lair:5:   beast_lair_carwin_large_4, layout_gridlike, grunt_megastairs_5
Lair:6:   gammafunk_lair_ancient_temple, layout_regular_city, slime_altar_1,
          lemuel_fruit_fields
Orc:1:    layout_diamond_mine, basic_altar
Orc:2:    grunt_orc_community_town_hall, layout_caves,
          grunt_orc_community_big_house_2, grunt_orc_community_big_house_1,
          grunt_orc_community_house_3, grunt_orc_community_house_1,
          grunt_orc_community_house_1, grunt_orc_community_house_3,
          grunt_orc_community_house_2, basic_altar
Elf:1:    nicolae_elf_arrival_dilemma, layout_onion_city,
          hellmonk_bongcloud_opening
Elf:2:    nicolae_elf_blades_crystal_corner, layout_onion_city, serial_shops,
          bzr_entry_gold, nicolae_shop_behind_doors
Elf:3:    minmay_elf_hall_dome, layout_geoelf_castle, basic_altar

Skill      XL: |  1  2  3  4  5  6  7  8  9 10 11 12 13 14 15 16 |
---------------+-------------------------------------------------+-----
Conjurations   | 1 2 3 4 5 6 7 8 10 12 | 12.6
Spellcasting   | 4 5 6 8 9 10 11 12 14 15 | 15.8
Earth Magic    | 4 5 6 10 13 16 | 16.4
Fighting       | 1 2 3 4 5 6 7 8 9 10 11 12 | 12.2
Dodging        | 4 6 7 9 10 11 | 11.5
Ice Magic      | 3 5 9 12 | 12.2
Air Magic      | 3 4 |  4.7
Armour         | 2 5 |  5.1
Stealth        | |  2.4
Transmutations | |  1.1

Action                   |  1- 3 |  4- 6 |  7- 9 | 10-12 | 13-15 | 16-18 || total
-------------------------+-------+-------+-------+-------+-------+-------++-------
Melee: Dagger            |    19 |    42 |     5 |     6 |    21 |       ||    93
       Staff             |       |       |       |       |    46 |    12 ||    58
       Punch             |       |       |       |       |     1 |       ||     1
 Cast: Sandblast         |    49 |    51 |    41 |    21 |       |     2 ||   164
       Stone Arrow       |       |     2 |    89 |   210 |    30 |       ||   331
       Freezing Cloud    |       |       |       |    60 |    38 |       ||    98
       Ozocubu's Refrige |       |       |       |       |   145 |    21 ||   166
       Orb of Destructio |       |       |       |       |    87 |    29 ||   116
       Irradiate         |       |       |       |       |    13 |     5 ||    18
       Iron Shot         |       |       |       |       |     6 |    28 ||    34
 Abil: Evoke the Staff o |       |       |       |       |     4 |       ||     4
Evoke: Wand              |       |     2 |       |       |     2 |       ||     4
       Condenser vane    |       |       |       |       |     1 |       ||     1
  Use: Scroll            |       |     3 |     6 |    10 |     8 |     7 ||    34
       Potion            |       |       |     1 |       |       |       ||     1
 Stab: Sleeping          |     2 |     1 |       |       |       |       ||     3
Armor: Robe              |     4 |       |       |       |       |       ||     4
       Leather armour    |       |    15 |     9 |       |       |       ||    24
       Swamp dragon scal |       |       |       |    40 |    40 |     7 ||    87
Dodge: Dodged            |    19 |    23 |    22 |    77 |   184 |    23 ||   348

Table legend: (Time is in decaauts)
 A = Elapsed time spent in this place.
 B = Non-inter-level travel time spent in this place.
 C = Inter-level travel time spent in this place.
 D = Time resting spent in this place.
 E = Time spent auto-exploring this place.
 F = Levels seen in this place.
 G = Mean time per level.
                   A        B        C        D        E       F      G
               +--------+--------+--------+--------+--------+-----+--------+
         Total |  34427 |  32711 |   1716 |   2985 |  25529 |  27 | 1275.1 |
       Dungeon |  20142 |  18708 |   1434 |   2048 |  14341 |  15 | 1342.8 |
          Lair |   7583 |   7373 |    210 |    333 |   6228 |   6 | 1263.8 |
  Orcish Mines |   1465 |   1445 |     20 |    117 |   1057 |   2 |  732.5 |
   Elven Halls |   5116 |   5066 |     50 |    487 |   3814 |   3 | 1705.3 |
        Bazaar |    120 |    120 |      0 |      0 |     88 |   1 |  120.0 |
               +--------+--------+--------+--------+--------+-----+--------+

Top non-repeatable levels by time:
    D:10: 2115 daAuts
   Elf:3: 1944 daAuts
     D:9: 1939 daAuts
  Lair:5: 1768 daAuts
    D:13: 1733 daAuts
    D:12: 1725 daAuts
     D:4: 1724 daAuts
     D:6: 1627 daAuts
  Lair:6: 1596 daAuts
   Elf:1: 1594 daAuts
   Elf:2: 1577 daAuts
     D:5: 1564 daAuts
     D:3: 1413 daAuts
    D:14: 1309 daAuts
   Orc:2: 1271 daAuts
